 Dungeon Crawl Stone Soup version 0.19.4 (webtiles) character file.

1779 Naow the Destroyer (level 8, -1/41 HPs)
             Began as a Deep Elf Conjurer on Jan 30, 2017.
             Was a Priest of Vehumet.
             Slain by an unseen horror (9 damage)
             ... on level 7 of the Dungeon.
             The game lasted 00:12:23 (7262 turns).

Naow the Destroyer (Deep Elf Conjurer)              Turns: 7262, Time: 00:12:24

Health: -1/41      AC:  3    Str:  9    XL:     8   Next: 81%
Magic:  5/22       EV: 17    Int: 23    God:    Vehumet [***...]
Gold:   352        SH:  0    Dex: 15    Spells: 4 memorised, 11 levels left

rFire  . . .     SeeInvis .     C - +0 dire flail (protect)
rCold  . . .     Gourm    .     a - +0 robe
rNeg   . . .     Faith    .     (shield currently unavailable)
rPois  .         Spirit   .     (no helmet)
rElec  .         Reflect  .     x - +0 cloak
rCorr  .         Harm     .     (no gloves)
MR     .....                    (no boots)
Stlth  ++........               (no amulet)
                                G - +4 ring of strength
                                D - +3 ring of evasion

@: no status effects
A: no striking features
a: Renounce Religion


You were on level 7 of the Dungeon.
You worshipped Vehumet.
Vehumet was most pleased with you.
You were very hungry.

You visited 1 branch of the dungeon, and saw 7 of its levels.

You collected 352 gold pieces.

Inventory:

Hand Weapons
 C - a +0 dire flail of protection (weapon)
Armour
 a - a +0 robe (worn)
 x - a +0 cloak (worn)
 E - a +2 chain mail of poison resistance
 I - a +0 helmet
Jewellery
 D - a +3 ring of evasion (left hand)
 G - a +4 ring of strength (right hand)
Wands
 y - a wand of digging (17/24)
 J - a wand of teleportation (5/9)
Scrolls
 d - a scroll of amnesia {unknown}
 e - 4 scrolls of fear {unknown}
 j - 4 scrolls of teleportation {unknown}
 m - 2 scrolls of remove curse {unknown}
 n - 11 scrolls of identify {unknown}
 o - a scroll of blinking {unknown}
 p - 7 scrolls of immolation {unknown}
 q - a scroll of fog {unknown}
 s - 2 scrolls of recharging {unknown}
 t - a scroll of noise {unknown}
 K - 4 scrolls of magic mapping {unknown}
 M - a scroll of enchant weapon {unknown}
Potions
 f - 2 potions of haste {unknown}
 g - a potion of curing
 h - 3 potions of lignification {unknown}
 i - a potion of might {unknown}
 r - a potion of heal wounds {unknown}
 w - a potion of degeneration {unknown}
 z - 3 potions of invisibility {unknown}
 A - a potion of cancellation
 B - a potion of agility {unknown}
 H - a potion of berserk rage {unknown}
Books
 b - a book of Conjurations

   Spells                             Type                      Level
   a - Magic Dart                     Conjuration                  1
   b - Searing Ray                    Conjuration                  2
   c - Dazzling Spray                 Conjuration/Hexes            3
   d - Fulminant Prism                Conjuration/Hexes            4
   e - Iskenderun's Mystic Blast      Conjuration                  4
   f - Iskenderun's Battlesphere      Conjuration/Charms           5
 v - a book of Misfortune

   Spells                             Type                      Level
   a - Confusing Touch                Hexes                        1
   b - Confuse                        Hexes                        3
   c - Gell's Gravitas                Hexes/Translocation          3
   d - Petrify                        Transmutation/Earth          4
   e - Metabolic Englaciation         Hexes/Ice                    5
   f - Yara's Violent Unravelling     Hexes/Transmutation          5
Comestibles
 c - 8 bread rations
 k - 2 slices of pizza
 l - 8 fruits
 u - 2 meat rations
 F - a beef jerky


   Skills:
 + Level 4.4 Dodging
 - Level 2.4 Stealth
 + Level 8.0 Spellcasting
 * Level 9.8 Conjurations
 - Level 6.5 Charms


You had 11 spell levels left.
You knew the following spells:

 Your Spells              Type           Power        Failure   Level  Hunger
a - Magic Dart            Conj           ####         1%          1    None
b - Searing Ray           Conj           ######       1%          2    None
c - Iskenderun's Battles  Conj/Chrm      #####...     2%          5    #####..
d - Iskenderun's Mystic   Conj           ######..     1%          4    ###....


Dungeon Overview and Level Annotations

Branches:
Dungeon (7/15)             Temple (0/1) D:4

Altars:
Elyvilon
Fedhas
Hepliaklqana
Nemelex Xobeh
Okawaru
Ru
Sif Muna
Trog
Uskayaw
Vehumet
Xom
The Shining One

Annotations:
D:4 Naow's ghost, amateur DECj


Message History

Confirm with . or Enter, or press ? or * to list all spells.
You conjure a globe of magical energy.
Something completely misses you. Something hits you but does no damage.
Something hits you.
Casting: Iskenderun's Battlesphere
Confirm with . or Enter, or press ? or * to list all spells.
Aiming: Iskenderun's Mystic Blast
Press: ? - help, Shift-Dir - straight line You are feeling very hungry.
Something hits you! Something hits you but does no damage.
Casting: Iskenderun's Mystic Blast
Confirm with . or Enter, or press ? or * to list all spells.
Aiming: Iskenderun's Mystic Blast
Press: ? - help, Shift-Dir - straight line The orb of energy hits something.
Something hits you.
* * * LOW HITPOINT WARNING * * *
Your battlesphere fires!
The barrage of energy hits something.
Something hits you!
You die...

###############
##
...........##..
.#
##.##.####.##.#
.# ##.##.#
#.##.####.####
##....#
#.##.##@.....#
####..#
#.##.##*#.##.#
......#
#.......#.#
####.##
####......# #.#
#######.... #.#
.... #.# .. .
#.# #. ####.##


You could see a friendly battlesphere.

Vanquished Creatures
  Edmund (D:4)
  2 sky beasts
  An ice beast (D:5)
  A phantom (D:4)
  2 ogres
  A bullfrog (D:6)
  A scorpion (D:3)
  4 electric eels (D:6)
  2 crimson imps (D:6)
  4 hounds
  An orc priest (D:5)
  A jelly (D:5)
  Jessica (D:2)
  2 iguanas
  Natasha (thrice) (D:3)
  2 orc wizards (D:4)
  5 worker ants
  A hound skeleton (D:5)
  A worker ant zombie (D:5)
  10 gnolls
  6 adders
  2 shadow imps
  A worm (D:2)
  3 dart slugs
  10 leopard geckos
  14 orcs
  5 giant cockroaches
  9 goblins
  6 hobgoblins
  5 jackals
  2 quokkas (D:4)
  A ball python (D:3)
  6 bats
  6 frilled lizards
  9 kobolds
  A quokka skeleton (D:6)
  6 rats
138 creatures vanquished.

Notes
Turn   | Place    | Note
-------+----------+-------------------------------------------
     0 | D:1      | Naow the Deep Elf Conjurer began the quest for the Orb.
     0 | D:1      | Reached XP level 1. HP: 10/10 MP: 6/6
   216 | D:1      | Reached XP level 2. HP: 9/15 MP: 1/8
   231 | D:1      | Learned a level 2 spell: Searing Ray
   562 | D:1      | Reached skill level 5 in Conjurations
   700 | D:1      | Reached XP level 3. HP: 19/19 MP: 7/10
   904 | D:2      | Found a blossoming altar of Fedhas.
   904 | D:2      | Found a radiant altar of Vehumet.
   932 | D:2      | Became a worshipper of Vehumet
  1079 | D:2      | Reached XP level 4. HP: 24/24 MP: 3/12
  1190 | D:2      | Found a shimmering altar of Xom.
  1190 | D:2      | Found a deep blue altar of Sif Muna.
  1191 | D:2      | Found a hide-covered altar of Uskayaw.
  1330 | D:2      | Found a sparkling altar of Nemelex Xobeh.
  1703 | D:2      | Reached * piety under Vehumet
  1703 | D:2      | Offered knowledge of Shock by Vehumet.
  1821 | D:2      | Noticed Jessica
  1825 | D:2      | Killed Jessica
  1825 | D:2      | Reached skill level 6 in Conjurations
  1832 | D:2      | Reached XP level 5. HP: 26/28 MP: 2/14
  1932 | D:2      | Learned a level 5 spell: Iskenderun's Battlesphere
  1937 | D:2      | Learned a level 4 spell: Iskenderun's Mystic Blast
  2066 | D:2      | Noticed a sky beast
  2071 | D:2      | Killed a sky beast
  2071 | D:2      | Reached skill level 5 in Spellcasting
  2172 | D:3      | Reached skill level 1 in Charms
  2172 | D:3      | Reached XP level 6. HP: 9/32 MP: 0/16
  2643 | D:3      | Noticed Natasha
  2648 | D:3      | Killed Natasha
  2648 | D:3      | Reached skill level 7 in Conjurations
  2844 | D:3      | Noticed Natasha
  2847 | D:3      | Killed Natasha
  2929 | D:3      | Noticed Natasha
  2935 | D:3      | Killed Natasha
  3330 | D:4      | Reached XP level 7. HP: 36/36 MP: 3/18
  3689 | D:4      | Found a staircase to the Ecumenical Temple.
  3692 | D:4      | Noticed Edmund
  3709 | D:4      | Killed Edmund
  3709 | D:4      | Reached skill level 8 in Conjurations
  3945 | D:4      | Found a bloodstained altar of Trog.
  4025 | D:4      | Found a white marble altar of Elyvilon.
  4026 | D:4      | Noticed Naow's ghost (amateur DECj)
  4346 | D:5      | Entered Level 5 of the Dungeon
  4486 | D:5      | Found a sacrificial altar of Ru.
  4508 | D:5      | Reached ** piety under Vehumet
  4761 | D:5      | Offered knowledge of Sting by Vehumet.
  4761 | D:5      | Reached XP level 8. HP: 41/41 MP: 15/20
  4899 | D:5      | Reached skill level 5 in Charms
  5090 | D:5      | Found a hazy altar of Hepliaklqana.
  5120 | D:5      | Found an iron altar of Okawaru.
  5169 | D:5      | Reached skill level 9 in Conjurations
  5421 | D:6      | Found a bloodstained altar of Trog.
  5691 | D:6      | Offered knowledge of Static Discharge by Vehumet.
  6213 | D:6      | Reached *** piety under Vehumet
  6387 | D:6      | Found a glowing golden altar of the Shining One.
  7262 | D:7      | Slain by an unseen horror

Skill      XL: |  1  2  3  4  5  6  7  8 |
---------------+-------------------------+-----
Conjurations   | 5 6 7 8 9 |  9.8
Spellcasting   | 4 5 6 7 8 |  8.0
Charms         | 1 3 4 6 |  6.5
Dodging        | 4 |  4.4
Stealth        | |  2.4

Action                   |  1- 3 |  4- 6 |  7- 9 || total
-------------------------+-------+-------+-------++-------
Melee: Unarmed           |     1 |       |    11 ||    12
 Cast: Magic Dart        |    65 |    90 |   129 ||   284
       Searing Ray       |       |    13 |    16 ||    29
       Iskenderun's Batt |       |       |     6 ||     6
       Iskenderun's Myst |       |       |     7 ||     7
  Use: Potion            |       |     3 |       ||     3
  Eat: Chunk             |       |     7 |    13 ||    20
Armor: Robe              |       |     4 |    16 ||    20
Dodge: Dodged            |     5 |    17 |    48 ||    70
